 Dungeon Crawl Stone Soup version 0.23-a0-207-g93a313e (webtiles) character file.

42 epen the Ducker (level 3, -6/17 HPs)
             Began as a Felid Monk on Sept 24, 2018.
             Mangled by Terence
             ... wielding a +0 trident
              (11 damage)
             ... on level 2 of the Dungeon.
             The game lasted 00:02:32 (1374 turns).

epen the Ducker (Felid Monk)                        Turns: 1374, Time: 00:02:32

Health: -6/17      AC:  1    Str:  7    XL:     3   Next: 33%
Magic:  4/4        EV: 20    Int: 11    God:
Gold:   64         SH:  0    Dex: 19    Spells: 2/2 levels left
                                        Lives:  0   Deaths: 0

rFire    . . .     SeeInvis +     - Unarmed
rCold    . . .     Gourm    .   (shield unavailable)
rNeg     . . .     Faith    .   (armour unavailable)
rPois    .         Spirit   .   (helmet unavailable)
rElec    .         Reflect  .   (cloak unavailable)
rCorr    .         Harm     .   (gloves unavailable)
MR       .....                  (boots unavailable)
Stlth    +++.......             (no amulet)
HPRegen  0.05/turn              (no ring)
MPRegen  0.09/turn              (no ring)

@: quick
A: very small, no armour, no weapons or thrown items, stealth, claws 1, fangs 3,
see invisible, carnivore, speed 1, shaggy fur 1, slow metabolism 1, sharp paws
a: no special abilities


You were on level 2 of the Dungeon.
You were completely stuffed.

You visited 1 branch of the dungeon, and saw 2 of its levels.

You collected 64 gold pieces.

Inventory:

Scrolls
 b - a scroll of enchant weapon {unknown}
 c - 3 scrolls of identify {unknown}
 d - 2 scrolls of teleportation {unknown}
 e - a scroll of immolation {unknown}
 f - a scroll of magic mapping {unknown}
 h - a scroll of fear {unknown}
 k - a scroll of blinking {unknown}
Potions
 g - a potion of lignification {unknown}
 j - a potion of curing {unknown}
Comestibles
 a - 4 rations


   Skills:
 + Level 3.3 Fighting
 + Level 4.4 Dodging
 + Level 3.4 Stealth
 * Level 3.6 Unarmed Combat


You had 2 spell levels left.
You didn't know any spells.
Your spell library contained the following spells:

 Spells                   Type           Power        Failure   Level  Hunger
 Animate Skeleton         Necr           N/A          34%         1    ##.....
 Apportation              Tloc           #.....       34%         1    ##.....
 Confusing Touch          Hex            #.....       34%         1    ##.....
 Summon Small Mammal      Summ           #...         34%         1    ##.....


Dungeon Overview and Level Annotations

Branches:
Dungeon (2/15)

Altars:

Annotations:
D:2 Terence


Innate Abilities, Weirdness & Mutations

You cannot wear armour.
You are incapable of wielding weapons or throwing items.
Your paws allow you to move quietly. (Stealth)
You have sharp claws.
You have razor-sharp teeth.
You have supernaturally acute eyesight. (SInv)
You are carnivorous and can eat meat at any time.
You cover ground quickly.
You are covered in fur. (AC +1)
You have a slow metabolism.
Your sharp claws are effective at attacking unaware monsters.


Message History

You scratch Terence but do no damage. Your bite misses Terence.
Terence is severely wounded.
Terence hits you with a trident.
* * * LOW HITPOINT WARNING * * *
You are too injured to fight recklessly!
You are too injured to fight recklessly!
You are too injured to fight recklessly!
You scratch Terence. Your bite misses Terence.
Terence is almost dead.
Terence closely misses you.
You scratch Terence but do no damage.
Terence is almost dead.
You closely miss Terence.
Terence is almost dead.
Terence completely misses you.
You scratch Terence but do no damage.
Terence is almost dead.
Terence hits you with a trident!
Ouch! That really hurt!
You die...

### #.. #.# #########
#.# ......... #@#
########< #@# #. ####.#
#. #....# ############.
#.#### #............
##.## #<.#####...#.
##...######........#.#.
#....).......#####...#.
#....######..# ##....
#.#>## #..##########


You could see Terence.

Vanquished Creatures
  A worm (D:2)
  A leopard gecko (D:2)
  2 bats
  6 giant cockroaches (D:1)
  3 hobgoblins
  5 kobolds
  2 frilled lizards (D:1)
  8 goblins
  6 rats (D:1)
34 creatures vanquished.

Notes
Turn   | Place    | Note
-------+----------+-------------------------------------------
     0 | D:1      | epen the Felid Monk began the quest for the Orb.
     0 | D:1      | Reached XP level 1. HP: 10/10 MP: 2/2
   124 | D:1      | Reached XP level 2. HP: 12/14 MP: 3/3
   561 | D:1      | Reached XP level 3. HP: 17/17 MP: 4/4
  1357 | D:2      | Noticed Terence
  1374 | D:2      | Mangled by Terence

Vault maps used:
D:1:      minmay_arrival_arboretum_small, minmay_misc_feat_ornament,
          minmay_misc_feat_five
D:2:      lemuel_coloured_pillars_altar, uniq_terence, uniq_crazy_yiuf_cottage

Skill      XL: |  1 |
---------------+----+-----
Stealth        | 3 |  3.4
Fighting       | |  3.3
Dodging        | |  4.4
Unarmed Combat | |  3.6

Action                   || total
-------------------------++-------
Melee: Unarmed           ||   107
       Bite              ||    12
 Stab: Sleeping          ||     9
       Distracted        ||     1
  Eat: Chunk             ||     8
Armor: Skin              ||     5
Dodge: Dodged            ||    75

Table legend:
 A = Non-vault XP
 B = Vault XP
 C = Vault XP percentage of total XP
 D = Non-vault monster count
 E = Vault monster count
 F = Vault count percentage of total count
                 A         B        C        D         E       F
            +---------+---------+-------+---------+---------+-------
      Total |      60 |       0 |   0.0 |      34 |       0 |   0.0
            +---------+---------+-------+---------+---------+-------
        D:1 |      43 |       0 |   0.0 |      27 |       0 |   0.0
        D:2 |      17 |       0 |   0.0 |       7 |       0 |   0.0
            +---------+---------+-------+---------+---------+-------
